 Dungeon Crawl Stone Soup version 0.28-a0-529-g3bad584f25 (webtiles) character file.

Game seed: 7764414319270864550

1199 Shayle the Skirmisher (level 8, -2/87 HPs)
             Began as an Ogre Warper on Sept 25, 2021.
             Was an Initiate of the Shining One.
             Killed from afar by a white imp (8 damage)
             ... with a puff of frost
             ... on level 7 of the Dungeon.
             The game lasted 00:21:11 (6649 turns).

Shayle the Skirmisher (Ogre Warper)                 Turns: 6649, Time: 00:21:11

Health: -2/87      AC:  3    Str: 16    XL:     8   Next: 44%
Magic:  8/16       EV: 13    Int: 16    God:    the Shining One [......]
Gold:   153        SH:  0    Dex:  8    Spells: 10/18 levels left

rFire   . . .      SeeInvis .   d - +0 flail (protect)
rCold   . . .      Faith    .   (no shield)
rNeg    . . .      Spirit   .   b - +0 robe
rPois   .          Reflect  .   (helmet restricted)
rElec   .          Harm     .   (no cloak)
rCorr   .          Rampage  .   (gloves unavailable)
Will    .....                   (boots unavailable)
Stlth   +.........              (no amulet)
HPRegen 0.24/turn               m - +4 ring of evasion
MPRegen 0.15/turn               (no ring)

@: on berserk cooldown, slowed, glowing, very slow
A: large, unfitting armour, tough skin 1
a: Renounce Religion


You were on level 7 of the Dungeon.
You worshipped the Shining One.
The Shining One was noncommittal.
You visited 2 branches of the dungeon, and saw 8 of its levels.

You collected 153 gold pieces.

Inventory:

Hand Weapons
 a - a +0 hand axe
 d - a +0 flail of protection (weapon)
 e - a +0 morningstar of flaming
Missiles
 c - a boomerang
 j - 25 poisoned darts (quivered)
Armour
 b - a +0 robe (worn)
Jewellery
 i - an amulet of regeneration
 m - a +4 ring of evasion (left hand)
Scrolls
 f - a scroll of brand weapon {unknown}
 l - a scroll of amnesia
Potions
 h - a potion of ambrosia {unknown}
 o - a potion of flight


   Skills:
 + Level 7.6 Fighting
 + Level 5.8 Axes
 - Level 1.0 Throwing
 - Level 2.1 Dodging
 + Level 5.9 Spellcasting
 - Level 2.6 Translocations
 + Level 3.5 Invocations


You had 10 spell levels left.
You knew the following spells:

 Your Spells              Type           Power      Damage    Failure   Level
a - Blink                 Tloc           N/A        N/A       7%          2
b - Teleport Other        Tloc           13%        N/A       14%         3
c - Gell's Gravitas       Tloc           6%         N/A       14%         3

Your spell library contained the following spells:

 Spells                   Type           Power      Damage    Failure   Level
 Lesser Beckoning         Tloc           13%        N/A       14%         3
 Manifold Assault         Tloc           13%        N/A       77%         5


Dungeon Overview and Level Annotations

Branches:
Dungeon (7/15)             Temple (1/1) D:4

Altars:
Ashenzari
Dithmenos
Fedhas
Hepliaklqana
Kikubaaqudgha
Makhleb
Nemelex Xobeh
Okawaru
Qazlal
Ru
Sif Muna
Vehumet
Wu Jian
The Shining One


Innate Abilities, Weirdness & Mutations

You are too large for most types of armour.
You have tough skin. (AC +1)


Message History

The orc warrior hits you with a +0 scimitar!
* * * LOW HITPOINT WARNING * * *
You see here a poisoned dart.
You see here a poisoned dart.
Okay, then.
Okay, then.
Casting: Teleport Other (dangerous; 14% risk of failure)
Confirm with . or Enter, or press ? or * to list all spells.
You blink.
Found a scroll of noise.
Throw: 27 darts (poison)
Press: ? - help, Q - select action, (/) - cycle Shift-Dir - straight line, f - orc warrior
Aim: an orc warrior, wielding a +0 scimitar and wearing a +0 plate armour (severely wounded, poisoned, 57% to hit)
You throw a poisoned dart. The poisoned dart hits the orc warrior.
The orc warrior looks even sicker.
The orc warrior is severely wounded.
Throw: 26 darts (poison)
Press: ? - help, Q - select action, (/) - cycle Shift-Dir - straight line, f/p - orc warrior
Aim: an orc warrior, wielding a +0 scimitar and wearing a +0 plate armour (severely wounded, very poisoned, 57% to hit)
You throw a poisoned dart.
The poisoned dart barely misses the orc warrior.
Casting: Blink (safe; 7% risk of failure)
Confirm with . or Enter, or press ? or * to list all spells.
You blink.
Found a radiant altar of Vehumet.
Casting: Blink (safe; 7% risk of failure)
Confirm with . or Enter, or press ? or * to list all spells.
You blink.
Found 6 poisoned darts.
The white imp sputters.
You kill the orc warrior!
It was a potion of berserk rage.
A red film seems to cover your vision as you go berserk!
You feel yourself moving faster!
You feel mighty!
You feel a strong urge to attack something.
You feel your anger nearly subside.
You are no longer berserk.
You are exhausted.
You feel yourself slow down. The white imp gestures at you.
The puff of frost hits you!
You die...

#....#.......####...
#....#..............
#....#..............
######...................
#<).ยง(...................
######...................
#.(.......).........
#........#.5.#......
#.......###@###.....
#........#...#......
#.........._........
#........#...#......
#......?###.###.....
#........ ...# .#..
....... .(... # . #######
..#... .#.#.#


You could see a white imp.

Vanquished Creatures
  Grinder (D:3)
  Eustachio (D:4)
  An orc warrior (D:7)
  A black bear (D:4)
  An ice beast (D:5)
  A kobold brigand (D:6)
  A scorpion (D:4)
  A water moccasin zombie (D:6)
  An orc priest (D:7)
  A bullfrog zombie (D:5)
  A gnoll shaman (D:4)
  Terence (D:3)
  Natasha (twice) (D:3)
  4 orc wizards
  4 gnolls (D:4)
  4 adders
  A white imp (D:6)
  An ufetubus (D:4)
  An adder skeleton (D:4)
  9 orcs
  8 ball pythons
  4 endoplasms
  3 giant cockroaches
  4 goblins
  4 hobgoblins
  5 quokkas
  7 bats
  5 frilled lizards
  2 kobolds (D:6)
  9 rats
89 creatures vanquished.

Notes
Turn   | Place    | Note
-------+----------+-------------------------------------------
     0 | D:1      | Shayle the Ogre Warper began the quest for the Orb.
     0 | D:1      | Reached XP level 1. HP: 22/22 MP: 3/3
    78 | D:1      | Reached skill level 3 in Fighting
   303 | D:1      | Reached XP level 2. HP: 22/31 MP: 5/5
   409 | D:1      | Learned a level 2 spell: Blink
  1206 | D:2      | Reached XP level 3. HP: 39/39 MP: 6/6
  1808 | D:3      | Learned a level 3 spell: Teleport Other
  1830 | D:3      | Reached skill level 4 in Fighting
  2074 | D:3      | Found a faded altar of an unknown god.
  2168 | D:2      | Reached XP level 4. HP: 34/49 MP: 6/8
  2295 | D:4      | Noticed Grinder
  2653 | D:3      | Learned a level 3 spell: Gell's Gravitas
  2837 | D:3      | Reached XP level 5. HP: 48/55 MP: 9/9
  2888 | D:3      | Noticed Natasha
  2910 | D:3      | Killed Natasha
  3104 | D:3      | Noticed Terence
  3121 | D:3      | Killed Terence
  3122 | D:3      | Reached skill level 5 in Fighting
  3278 | D:3      | Noticed Natasha
  3287 | D:3      | Killed Natasha
  3422 | D:3      | Killed Grinder
  3423 | D:3      | Reached skill level 6 in Fighting
  3423 | D:3      | Reached XP level 6. HP: 15/67 MP: 10/12
  3697 | D:4      | HP: 3/67 [orc wizard/magic dart (7)]
  4021 | D:4      | Found a staircase to the Ecumenical Temple.
  4042 | Temple   | Entered the Ecumenical Temple
  4049 | Temple   | Became a worshipper of the Shining One
  4136 | D:4      | Noticed a black bear
  4148 | D:4      | Killed a black bear
  4149 | D:4      | Reached skill level 1 in Invocations
  4149 | D:4      | Reached XP level 7. HP: 62/75 MP: 10/14
  4332 | D:5      | Entered Level 5 of the Dungeon
  4343 | D:5      | Reached skill level 5 in Axes
  4343 | D:5      | Reached skill level 5 in Spellcasting
  4699 | D:4      | Noticed a steam dragon
  5746 | D:4      | Noticed Eustachio
  5965 | D:4      | Killed Eustachio
  5966 | D:4      | Reached skill level 7 in Fighting
  5966 | D:4      | Reached XP level 8. HP: 57/87 MP: 14/16
  6336 | D:5      | Found a broken altar of Ashenzari.
  6339 | D:5      | You fall into a shaft and drop 1 floor!
  6628 | D:7      | HP: 1/87 [orc warrior (8)]
  6634 | D:7      | Found a radiant altar of Vehumet.
  6649 | D:7      | Killed from afar by a white imp

Illustrated notes

Levels and vault maps discovered:
D:1:      lightli_arrival_farm, layout_rooms
D:2:      layout_rooms
D:3:      layout_basic, shapermc_ecumenical_altar_notcrosses, uniq_natasha,
          uniq_terence
D:4:      layout_cave_pools, minmay_temple_entry_junction, uniq_grinder,
          uniq_eustachio
D:5:      layout_loops_corners, mainiacjoe_overflow_small_starburst,
          yredelemnul_forgotten_temple_becter, hellmonk_ghost_happy_afterlife,
          kennysheep_generic_room_3
D:6:      layout_basic, mainiacjoe_overflow_alcove_1, serial_bayou,
          serial_bayou_pond_d, serial_bayou_lagoon_a, serial_bayou_ford_a,
          serial_bayou_pond_a, serial_bayou_pond_a, hangedman_decor_opposing
D:7:      kennysheep_slugbush, layout_basic, vehumet_crystals,
          minmay_overflow_temple_star_hex, serial_shops, nicolae_shop_stone
Temple:   nicolae_temple_x_marks_the_god

Skill      XL: |  1  2  3  4  5  6  7  8 |
---------------+-------------------------+-----
Fighting       | 3 4 6 7 |  7.6
Axes           | 3 4 5 |  5.8
Spellcasting   | 3 4 5 |  5.9
Invocations    | 1 2 3 |  3.5
Throwing       | |  1.0
Dodging        | |  2.1
Translocations | |  2.6

Action                   |  1- 3 |  4- 6 |  7- 9 || total
-------------------------+-------+-------+-------++-------
Melee: Hand axe          |   149 |    67 |       ||   216
       Morningstar       |       |    37 |    42 ||    79
       Flail             |       |       |   106 ||   106
Throw: Boomerang         |     5 |       |     2 ||     7
       Dart              |     6 |    46 |    30 ||    82
 Cast: Blink             |     1 |     6 |     6 ||    13
       Teleport Other    |       |       |     2 ||     2
  Use: Scroll            |     2 |     3 |     5 ||    10
       Potion            |     1 |     4 |     5 ||    10
Armor: Robe              |    74 |    19 |    65 ||   158
       Skin              |       |       |     9 ||     9
Dodge: Dodged            |    85 |    98 |   127 ||   310

Table legend: (Time is in decaauts)
 A = Elapsed time spent in this place.
 B = Non-inter-level travel time spent in this place.
 C = Inter-level travel time spent in this place.
 D = Time resting spent in this place.
 E = Time spent auto-exploring this place.
 F = Levels seen in this place.
 G = Mean time per level.
                   A        B        C        D        E       F      G
               +--------+--------+--------+--------+--------+-----+--------+
         Total |   6761 |   6640 |    121 |   2634 |   2286 |   8 |  845.1 |
       Dungeon |   6705 |   6592 |    113 |   2634 |   2248 |   7 |  957.9 |
        Temple |     56 |     48 |      8 |      0 |     38 |   1 |   56.0 |
               +--------+--------+--------+--------+--------+-----+--------+

Top non-repeatable levels by time:
     D:3: 2647 daAuts
     D:4: 1457 daAuts
     D:1: 1191 daAuts
     D:2: 835 daAuts
     D:6: 263 daAuts
     D:5: 254 daAuts
  Temple: 56 daAuts
     D:7: 54 daAuts
